 Dungeon Crawl Stone Soup version 0.31.0-11-ge490571c62 (webtiles) character file.

Game seed: 14691631975732088620

1287 qw the Skirmisher (level 8, -5/40 HPs)
             Began as a Spriggan Hunter on Feb 4, 2024.
             Was a Believer of Okawaru.
             Shot with an arrow by a centaur (13 damage)
             ... on level 6 of the Dungeon.
             The game lasted 00:01:00 (4410 turns).

qw the Skirmisher (Spriggan Hunter)                 Turns: 4410, Time: 00:01:01

Health: -5/40      AC:  4    Str:  7    XL:     8   Next: 30%
Magic:  12/12      EV: 22    Int: 11    God:    Okawaru [**....]
Gold:   399        SH:  0    Dex: 20    Spells: 7/7 levels left

rFire   + . .        a - +1 shortbow
rCold   + . .        (shield currently unavailable)
rNeg    . . .        c - +0 robe
rPois   .            e - +2 hat
rElec   .            (no cloak)
rCorr   +            (gloves unavailable)
SInv    +            (boots unavailable)
Will    ++...        (no amulet)
Stlth   +            b - ring of Jekiar {+Blink rF+ rC+ Will+ SInv Stlth-}
HPRegen 0.26/turn    g - ring of resist corrosion
MPRegen 0.13/turn

%: no passive effects
@: very quick
A: very small, no large weapons, unfitting armour, see invisible, speed 3
a: Renounce Religion, Evoke Blink, Heroism


You were on level 6 of the Dungeon.
You worshipped Okawaru.
Okawaru was pleased with you.
You visited 2 branches of the dungeon, and saw 7 of its levels.

You collected 399 gold pieces.


Innate Abilities, Weirdness & Mutations

You are very small and have problems with some larger weapons.
You are too small for most types of armour.
You have supernaturally acute eyesight. (SInv)
You cover ground extremely quickly. (Speed+++)


   Skills:
 - Level 3.0 Fighting
 - Level 8.0 Ranged Weapons
 + Level 7.1 Dodging
 - Level 1.5 Stealth
 - Level 4.0 Invocations


You had 7 spell levels left.
You didn't know any spells.
Your spell library was empty.

Inventory:

Hand Weapons
 a - a +1 shortbow (weapon)
Armour
 c - a +0 robe (worn)
 e - a +2 hat (worn)
Jewellery
 b - the ring of Jekiar (left hand) {+Blink rF+ rC+ Will+ SInv Stlth-}
   (You found it on level 2 of the Dungeon)

   [ring of see invisible]

   rF+:       It protects you from fire.
   rC+:       It protects you from cold.
   Will+:     It increases your willpower.
   SInv:      It lets you see invisible.
   +Blink:    It lets you blink.
   Stlth-:    It makes you less stealthy.
 g - a ring of resist corrosion (right hand)
Wands
 f - a wand of polymorph (4)
Scrolls
 l - a scroll of brand weapon {unknown}
Potions
 d - a potion of enlightenment
 h - 3 potions of curing
 j - 4 potions of cancellation
 k - a potion of magic
 m - a potion of haste {unknown}

Dungeon Overview and Level Annotations

Branches:
Dungeon (6/15)             Temple (1/1) D:4

Altars:
Cheibriados
Dithmenos
Elyvilon
Fedhas
Gozag
Kikubaaqudgha
Nemelex Xobeh
Okawaru
Qazlal
Ru
Sif Muna
Uskayaw
Vehumet
Wu Jian
Xom
Yredelemnul
Zin

Shops:
D:1 (([*

Annotations:
D:3 1 runed translucent door, Crazy Yiuf
D:5 2 transporters, qw's ghost, novice DEHu


Message History

Enter note:
4402 ||| RETREEEEATING.
You shoot an arrow. The arrow hits the hound!
You kill the hound!
Okawaru accepts your kill.
The centaur shoots an arrow.
The arrow closely misses you.
The centaur shoots an arrow.
The arrow completely misses you.
Your Fighting skill increases to level 3!
You shoot an arrow. The arrow hits the centaur!
The centaur is heavily wounded.
The centaur shoots an arrow.
The arrow closely misses you.
Enter note:
Enter note:
Enter note:
4405 ||| RETREEEEATING.
The gnoll is no longer moving quickly.
The centaur shoots an arrow.
The arrow hits you!
There is an open door, spattered with blood here.
Enter note:
Enter note:
Enter note: You shoot an arrow.
The arrow hits the hobgoblin but does no damage.
You shoot an arrow. The arrow hits the hobgoblin.
The hobgoblin is almost dead.
You shoot an arrow. The arrow hits the hobgoblin!
You kill the hobgoblin!
Okawaru accepts your kill.
The centaur shoots an arrow.
The arrow hits you!
You shoot an arrow. The arrow hits the kobold!
You kill the kobold!
Okawaru accepts your kill.
The gnoll is no longer moving quickly.
The centaur shoots an arrow.
The arrow hits you!
You shoot an arrow.
The arrow hits the centaur but does no damage.
The centaur is moderately wounded.
The gnoll sergeant is no longer moving quickly.
The centaur shoots an arrow.
The arrow hits you!
You die...

############################
#.....#...'...g.o)o...|..'..
#.....#...'.%cg.ggg....o.g.[
#..7PP#...#@########''####.g
#..PP7#...#...#..........# .
#..7P7#...#...#.........)#
#..PP7#####)>.#..........#
#...7P777P#...#..........#
##...PPPPP#'''############
#...P7P..7....7777P..7
#......7))....PP7PP..P
##....P)P.....P7P7P..


You could see a gnoll sergeant, a centaur, a gnoll bouda, 2 orc wizards, 2
gnolls and a hobgoblin.

Vanquished Creatures
  An orc warrior (D:6)
  An ice beast (D:5)
  An ogre (D:6)
  2 kobold brigands (D:6)
  A bullfrog (D:4)
  3 scorpions (D:5)
  A howler monkey (D:5)
  A bombardier beetle (D:3)
  3 hounds
  A jelly (D:6)
  A gnoll bouda (D:5)
  An iguana (D:5)
  Natasha (twice) (D:2)
  5 orc wizards
  7 gnolls
  6 adders
  A dart slug (D:2)
  A ribbon worm (D:3)
  12 orcs
  5 bats
  6 endoplasms
  4 giant cockroaches
  7 goblins
  10 hobgoblins
  7 jackals (D:2)
  4 quokkas
  4 ball pythons
  4 frilled lizards
  20 kobolds
  3 rats
125 creatures vanquished.

Notes
Turn   | Place    | Note
-------+----------+-------------------------------------------
     0 | D:1      | qw the Spriggan Hunter began the quest for the Orb.
     0 | D:1      | Reached XP level 1. HP: 10/10 MP: 2/2
     0 | D:1      | 0 ||| qw: Version: 0.3-a-160-g6735b56
     0 | D:1      | 0 ||| qw: Game counter: 5720
     0 | D:1      | 0 ||| qw: Melee chars always use a shield: true
     0 | D:1      | 0 ||| qw: God list: Okawaru
     0 | D:1      | 0 ||| qw: Allow faded altars: false
     0 | D:1      | 0 ||| qw: Do Orc after clearing Dungeon:15 true
     0 | D:1      | 0 ||| qw: Do second Lair branch before Depths: true
     0 | D:1      | 0 ||| qw: Lair rune preference: random
     0 | D:1      | 0 ||| qw: Goals: Normal
     0 | D:1      | 0 ||| PLANNING D:1-11
    40 | D:1      | Reached skill level 3 in Dodging
    42 | D:1      | Found a faded altar of an unknown god.
   193 | D:1      | Found Tiesu's Assorted Antiques.
   205 | D:1      | 205 ||| SHOPLISTING 2 scrolls labelled PUODGH REOKENO (40
                  | gold, have 12).
   205 | D:1      | 205 ||| SHOPLISTING gluggy clear potion (18 gold, have 12).
   205 | D:1      | 205 ||| SHOPLISTING polished robe (114 gold, have 12).
   205 | D:1      | 205 ||| SHOPLISTING sapphire potion (18 gold, have 12).
   205 | D:1      | 205 ||| SHOPLISTING scroll labelled JOIWOYTTAU (20 gold,
                  | have 12).
   214 | D:1      | Reached XP level 2. HP: 14/14 MP: 3/3
   275 | D:1      | Found Wahiqidy's Antique Weapon Shoppe.
   341 | D:1      | Found Uhifomuh's Antique Weapon Shop.
   530 | D:1      | Found Xijoetez's Armour Boutique.
  1014 | D:1      | 1014 ||| UPGRADING to +2 hat.
  1019 | D:1      | 1019 ||| READING scroll labelled AFO NALOATS.
  1019 | D:1      | 1019 ||| IDENTIFYING fuming sapphire potion
  1020 | D:1      | 1020 ||| READING scroll labelled AGAAF XENLIRO.
  1046 | D:1      | 1046 ||| READING scroll labelled VUYZYG TERILLA.
  1047 | D:1      | 1047 ||| READING scroll labelled WIODYATTOI.
  1048 | D:1      | 1048 ||| DROPPING scroll of butterflies.
  1116 | D:2      | Identified the ring of Jekiar {+Blink rF+ rC+ Will+ SInv
                  | Stlth-}
  1169 | D:2      | Reached XP level 3. HP: 17/18 MP: 4/4
  1244 | D:2      | You fall into a shaft and drop 1 floor!
  1291 | D:3      | Found a runed translucent door.
  1292 | D:3      | Noticed Crazy Yiuf
  1350 | D:3      | 1350 ||| UPGRADING to ring of Jekiar {+Blink rF+ rC+ Will+
                  | SInv Stlth-}.
  1351 | D:3      | 1351 ||| READING scroll of identify.
  1351 | D:3      | 1351 ||| IDENTIFYING 3 brown potions
  1352 | D:3      | 1352 ||| READING scroll labelled REUV SAQOJALO.
  1357 | D:3      | 1357 ||| FLEEEEING.
  1358 | D:3      | 1358 ||| FLEEEEING.
  1359 | D:3      | 1359 ||| FLEEEEING.
  1360 | D:3      | 1360 ||| STAIRDANCE
  1380 | D:2      | Noticed Natasha
  1381 | D:2      | 1381 ||| FLEEEEING.
  1382 | D:2      | 1382 ||| FLEEEEING.
  1384 | D:2      | 1384 ||| FLEEEEING.
  1396 | D:2      | Killed Natasha
  1397 | D:2      | Reached skill level 5 in Ranged Weapons
  1419 | D:2      | 1419 ||| FLEEEEING.
  1420 | D:2      | 1420 ||| FLEEEEING.
  1421 | D:2      | 1421 ||| FLEEEEING.
  1422 | D:2      | 1422 ||| FLEEEEING.
  1425 | D:2      | 1425 ||| FLEEEEING.
  1426 | D:2      | 1426 ||| FLEEEEING.
  1427 | D:2      | 1427 ||| FLEEEEING.
  1428 | D:2      | 1428 ||| FLEEEEING.
  1429 | D:2      | 1429 ||| FLEEEEING.
  1430 | D:2      | 1430 ||| FLEEEEING.
  1431 | D:2      | 1431 ||| FLEEEEING.
  1432 | D:2      | 1432 ||| STAIRDANCE
  1465 | D:2      | Reached XP level 4. HP: 21/21 MP: 5/5
  1653 | D:2      | Noticed Natasha
  1655 | D:2      | Killed Natasha
  1791 | D:2      | 1791 ||| UPGRADING to ring of resist corrosion.
  1792 | D:2      | 1792 ||| READING scroll of identify.
  1792 | D:2      | 1792 ||| IDENTIFYING murky coppery potion
  1793 | D:2      | 1793 ||| READING scroll labelled NEPSUSA DUWN.
  1932 | D:3      | 1932 ||| STAIRDANCE
  1940 | D:3      | 1940 ||| STAIRDANCE
  1951 | D:3      | Reached XP level 5. HP: 25/25 MP: 6/6
  2340 | D:3      | 2340 ||| READING scroll labelled PUODGH REOKENO.
  2340 | D:3      | 2340 ||| ENCHANTING +0 shortbow.
  2341 | D:3      | 2341 ||| READING scroll labelled BOANIRCH NANE.
  2342 | D:3      | 2342 ||| DRINKING 2 black potions.
  2343 | D:3      | 2343 ||| DROPPING potion of brilliance.
  2491 | D:4      | 2491 ||| FLEEEEING.
  2492 | D:4      | 2492 ||| FLEEEEING.
  2493 | D:4      | 2493 ||| FLEEEEING.
  2494 | D:4      | 2494 ||| FLEEEEING.
  2495 | D:4      | 2495 ||| FLEEEEING.
  2496 | D:4      | 2496 ||| FLEEEEING.
  2497 | D:4      | 2497 ||| FLEEEEING.
  2501 | D:4      | 2501 ||| FLEEEEING.
  2502 | D:4      | 2502 ||| FLEEEEING.
  2503 | D:4      | 2503 ||| FLEEEEING.
  2504 | D:4      | 2504 ||| FLEEEEING.
  2505 | D:4      | 2505 ||| FLEEEEING.
  2506 | D:4      | 2506 ||| FLEEEEING.
  2507 | D:4      | 2507 ||| FLEEEEING.
  2508 | D:4      | 2508 ||| FLEEEEING.
  2509 | D:4      | 2509 ||| FLEEEEING.
  2510 | D:4      | 2510 ||| FLEEEEING.
  2511 | D:4      | 2511 ||| FLEEEEING.
  2512 | D:4      | 2512 ||| FLEEEEING.
  2513 | D:4      | 2513 ||| FLEEEEING.
  2595 | D:4      | Reached skill level 6 in Ranged Weapons
  2595 | D:4      | Reached XP level 6. HP: 22/30 MP: 7/7
  2632 | D:4      | Found a staircase to the Ecumenical Temple.
  2633 | D:4      | 2633 ||| PLANNING TEMPLE
  2638 | Temple   | Entered the Ecumenical Temple
  2639 | Temple   | 2639 ||| PLANNING OKAWARU WORSHIP
  2642 | Temple   | Became a worshipper of Warmaster Okawaru
  2643 | Temple   | 2643 ||| PLANNING D:1-11
  3185 | D:4      | 3185 ||| READING scroll labelled AVURCH UFICWYG.
  3187 | D:4      | 3187 ||| Stepping ~*~*~tactically~*~*~ (cloud).
  3296 | D:5      | Entered Level 5 of the Dungeon
  3327 | D:5      | Reached skill level 6 in Dodging
  3348 | D:5      | 3348 ||| RETREEEEATING.
  3349 | D:5      | 3349 ||| RETREEEEATING.
  3350 | D:5      | 3350 ||| RETREEEEATING.
  3468 | D:5      | Reached skill level 7 in Ranged Weapons
  3475 | D:5      | Found a transporter.
  3478 | D:5      | Noticed qw's ghost (novice DEHu)
  3481 | D:5      | Found a transporter.
  3514 | D:5      | Noticed an ice beast
  3515 | D:5      | 3515 ||| RETREEEEATING.
  3521 | D:5      | Reached * piety under Okawaru
  3522 | D:5      | Reached XP level 7. HP: 35/35 MP: 8/8
  3535 | D:5      | Reached skill level 1 in Invocations
  3633 | D:5      | Found a blossoming altar of Fedhas.
  3633 | D:5      | Found a glowing silver altar of Zin.
  3743 | D:5      | 3743 ||| READING 2 scrolls of identify.
  3743 | D:5      | 3743 ||| IDENTIFYING sedimented black potion
  3744 | D:5      | 3744 ||| READING scroll of identify.
  3744 | D:5      | 3744 ||| IDENTIFYING metallic white potion
  3963 | D:6      | Reached skill level 3 in Invocations
  4128 | D:6      | Reached ** piety under Okawaru
  4238 | D:6      | HP: 6/35 [ogre/+0 giant club (29)]
  4239 | D:6      | 4239 ||| DRINKING 2 potions of heal wounds.
  4242 | D:6      | Reached XP level 8. HP: 39/39 MP: 11/11
  4256 | D:6      | HP: 3/39 [orc warrior/+0 war axe (19)]
  4257 | D:6      | 4257 ||| DRINKING potion of heal wounds.
  4268 | D:6      | Reached skill level 8 in Ranged Weapons
  4387 | D:6      | 4387 ||| RETREEEEATING.
  4391 | D:6      | 4391 ||| RETREEEEATING.
  4393 | D:6      | 4393 ||| RETREEEEATING.
  4394 | D:6      | 4394 ||| RETREEEEATING.
  4395 | D:6      | 4395 ||| RETREEEEATING.
  4396 | D:6      | 4396 ||| RETREEEEATING.
  4397 | D:6      | 4397 ||| RETREEEEATING.
  4398 | D:6      | 4398 ||| RETREEEEATING.
  4399 | D:6      | 4399 ||| RETREEEEATING.
  4400 | D:6      | 4400 ||| RETREEEEATING.
  4401 | D:6      | 4401 ||| RETREEEEATING.
  4402 | D:6      | 4402 ||| RETREEEEATING.
  4404 | D:6      | Reached skill level 3 in Fighting
  4405 | D:6      | 4405 ||| RETREEEEATING.
  4409 | D:6      | HP: 7/40 [centaur/arrow (14)]
  4410 | D:6      | Shot with an arrow by a centaur

Levels and vault maps discovered:
D:1:      dpeg_arrival_subterranean_lakeside_camping, layout_basic,
          serial_shops, nicolae_shop_hallway_plus, nicolae_shop_peninsula, shop,
          shop, basic_ecumenical_altar, serial_rivers,
          chequers_serial_rivers_micro_c, chequers_serial_rivers_micro_a,
          chequers_serial_rivers_micro_d, chequers_serial_rivers_micro_d
D:2:      layout_rooms, columned_hall_lemuel, minmay_misc_feat_rugged,
          uniq_natasha
D:3:      layout_rooms, uniq_crazy_yiuf_cottage
D:4:      layout_cave_pods, minmay_temple_entry_enclosed_plants
D:5:      layout_rooms, gammafunk_temple_overflow_wave, gammafunk_ghost_arena,
          grunt_ministairs_12
D:6:      kennysheep_housing_project, layout_cave_pools,
          nicolae_hepliaklqana_hippocampus, lightli_temple_of_fire,
          ebering_ghost_sewer_d
Temple:   hellmonk_temple_two_chambers

Skill      XL: |  1  2  3  4  5  6  7  8 |
---------------+-------------------------+-----
Dodging        | 3 4 5 6 7 |  7.1
Ranged Weapons | 5 6 7 8 |  8.0
Fighting       | 2 3 |  3.0
Invocations    | 3 4 |  4.0
Stealth        | |  1.5

Action                     |  1- 3 |  4- 6 |  7- 9 || total
---------------------------+-------+-------+-------++-------
   Fire: Shortbow          |   120 |   145 |   139 ||   404
    Use: Scroll            |     6 |     5 |     2 ||    13
         Potion            |       |     1 |     2 ||     3
 Armour: Robe              |    24 |    20 |    42 ||    86
  Dodge: Dodged            |    45 |    54 |   114 ||   213

Table legend:
 A = Non-vault XP
 B = Vault XP
 C = Vault XP percentage of total XP
 D = Non-vault monster count
 E = Vault monster count
 F = Vault count percentage of total count
                 A         B        C        D         E       F
            +---------+---------+-------+---------+---------+-------
      Total |    1093 |     746 |  40.6 |      91 |      34 |  27.2
            +---------+---------+-------+---------+---------+-------
        D:1 |      26 |       8 |  23.5 |      15 |       6 |  28.6
        D:2 |      73 |      35 |  32.4 |      23 |       1 |   4.2
        D:3 |     112 |       0 |   0.0 |      15 |       0 |   0.0
        D:4 |     184 |       0 |   0.0 |      17 |       0 |   0.0
        D:5 |     465 |     166 |  26.3 |      10 |       5 |  33.3
        D:6 |     233 |     537 |  69.7 |      11 |      22 |  66.7
            +---------+---------+-------+---------+---------+-------
